 Dungeon Crawl Stone Soup version 0.28-a0-199-g298df9dbad (webtiles) character file.

Game seed: 1270013559231021779

444 tilp the Sneak (level 6, 27/27 HPs)
             Began as a Felid Hedge Wizard on Aug 19, 2021.
             Was an Initiate of Vehumet.
             Quit the game on level 7 of the Dungeon.
             The game lasted 00:21:27 (15156 turns).

tilp the Sneak (Felid Hedge Wizard)                Turns: 15156, Time: 00:21:28

Health: 27/27      AC:  2    Str:  6    XL:     6   Next: 72%
Magic:  13/13      EV: 18    Int: 18    God:    Vehumet [......]
Gold:   271        SH:  0    Dex: 15    Spells: 8/13 levels left
                                        Lives:  0   Deaths: 2

rFire   . . .      SeeInvis +     - Unarmed
rCold   . . .      Faith    .   (shield unavailable)
rNeg    . . .      Spirit   .   (armour unavailable)
rPois   +          Reflect  .   (helmet unavailable)
rElec   .          Harm     .   (cloak unavailable)
rCorr   .          Rampage  .   (gloves unavailable)
Will    .....                   (boots unavailable)
Stlth   +++.......              (no amulet)
HPRegen 0.09/turn               e - ring of poison resistance
MPRegen 0.13/turn               (no ring)

@: quick
A: very small, claws 1, fangs 3, see invisible, speed 1, shaggy fur 2, stealthy
paws, no weapons or thrown items, no armour, multi-lived
a: Renounce Religion


You were on level 7 of the Dungeon.
You worshipped Vehumet.
Vehumet was noncommittal.
You visited 1 branch of the dungeon, and saw 8 of its levels.

You collected 271 gold pieces.

Inventory:

Jewellery
 e - a ring of poison resistance (left paw)
Wands
 a - a wand of mindburst (9)
 c - a wand of iceblast (11)
 g - a wand of acid (7)
 o - a wand of flame (10)
Scrolls
 b - 2 scrolls of noise
 h - a scroll of enchant armour {unknown}
 i - a scroll of teleportation
 k - 3 scrolls of immolation {unknown}
 n - a scroll of blinking {unknown}
 p - a scroll of identify
Potions
 d - 3 potions of curing
 f - a potion of flight
 j - a potion of heal wounds
 l - a potion of brilliance {unknown}
 m - 2 potions of haste


   Skills:
 + Level 2.5 Fighting
 + Level 4.5 Dodging
 + Level 4.6 Stealth
 + Level 2.5 Unarmed Combat
 - Level 4.0 Spellcasting
 - Level 4.0 Conjurations
 - Level 4.0 Summonings
 - Level 4.0 Translocations
 - Level 4.0 Evocations


You had 8 spell levels left.
You knew the following spells:

 Your Spells              Type           Power      Damage    Failure   Level
a - Magic Dart            Conj           72%        1d6       2%          1
b - Call Imp              Summ           18%        N/A       4%          2
c - Blink                 Tloc           N/A        N/A       4%          2

Your spell library contained the following spells:

 Spells                   Type           Power      Damage    Failure   Level
 Call Canine Familiar     Summ           18%        N/A       9%          3
 Conjure Flame            Conj/Fire      10%        6-21      19%         3
 Slow                     Hex            3%         N/A       22%         2
 Mephitic Cloud           Conj/Pois/Air  8%         N/A       26%         3
 Leda's Liquefaction      Hex/Erth       1%         N/A       82%         4
 Portal Projectile        Hex/Tloc       Unusable   N/A       N/A         3

Dungeon Overview and Level Annotations

Branches:
Dungeon (8/15)             Temple (0/1) D:6
   Lair: D:8-11

Altars:
Ashenzari
Cheibriados
Gozag
Kikubaaqudgha
Trog
Uskayaw
Vehumet
Wu Jian
Xom
The Shining One

Shops:
D:5 *

Annotations:
D:3 3 runed translucent doors, ice beast roaming!, sn0wgr3's ghost, amateur GrFi
D:5 exclusion: hound, Duvessa; Grinder
D:6 exclusions: ice beast and steam dragon, Pikel
D:7 exclusions: 5 killer bees, phantom, steam dragon, water moccasin and wyvern
D:8 exclusion: 2 yaks


Innate Abilities, Weirdness & Mutations

You have sharp claws.
You have razor-sharp teeth.
You have supernaturally acute eyesight. (SInv)
You cover ground quickly. (Speed+)
You are covered in thick fur. (AC +2)
Your paws help you pounce on unaware monsters.
You are incapable of wielding weapons or throwing items.
You cannot wear armour.
You gain extra lives every three experience levels.


Message History

Unknown command.
The yak gores your iron imp!
Your iron imp dies!
The kobold brigand throws a curare-tipped dart.
The curare-tipped dart hits you.
You have difficulty breathing.
* * * LOW HITPOINT WARNING * * *
You feel yourself slow down.
There is a stone staircase leading up here.
Unknown command.
The yak barely misses you.
You climb upwards.
Level annotation: exclusions: 5 killer bees, phantom, steam dragon, water moccasin and wyvern
There is a stone staircase leading down here.
Unknown command.
Casting: Call Imp (safe; 4% risk of failure)
Confirm with . or Enter, or press ? or * to list all spells.
You blink.
Casting: Blink (safe; 4% risk of failure)
Confirm with . or Enter, or press ? or * to list all spells.
A beastly little devil appears in a puff of flame.
Casting: Call Imp (safe; 4% risk of failure)
Confirm with . or Enter, or press ? or * to list all spells.
You blink.
Casting: Blink (safe; 4% risk of failure)
Confirm with . or Enter, or press ? or * to list all spells.
A shadowy apparition takes form in the air.
Your shadow imp says, "I yield to your fealty, my magnificent and pillow-pawed ban!"
Casting: Call Imp (safe; 4% risk of failure)
Confirm with . or Enter, or press ? or * to list all spells.
A beastly little devil appears in a puff of frigid air.
The yak gores you!
Ouch! That really hurt!
You die...
Your crimson imp hits the yak but does no damage.
You are now level 6!
You rejoin the land of the living...
Unknown command.
Unknown command.
Unknown command.
Are you sure you want to abandon this character and quit the game? (Confirm with "yes".)

#...............##
###.###
##.............##
#...# ##.....##..#.##
#._.# ##...########
#...# ##'## #####
#.################
##### ##
#................#
#.... .#
##..####..........#
#.##.
.###...####.#...@...##
#....
[........##.##.....##
#..#.
.###...#.##.###...##
#.... .#
##.....#.####.## #####
.# #............# # ##
#.......###### #
#.####### #.# #.#


There were no monsters in sight!

Vanquished Creatures
  Maggie (D:8)
  A steam dragon (D:8)
  2 ogres (D:5)
  A bullfrog (D:7)
  A scorpion (D:7)
  A water moccasin zombie (D:6)
  A bullfrog zombie (D:6)
  2 centaur zombies
  2 centaur skeletons
  An orc priest (D:7)
  3 adders
  A howler monkey skeleton (D:6)
  A shadow imp (D:6)
  2 white imps
  An ufetubus (D:7)
  An adder skeleton (D:4)
  2 worms (D:4)
  2 dart slugs
  7 orcs
  4 endoplasms
  3 giant cockroaches
  7 goblins
  3 hobgoblins
  4 jackals (D:4)
  4 quokkas
  5 ball pythons
  6 bats
  2 frilled lizards
  10 kobolds
  5 rats
86 creatures vanquished.

Vanquished Creatures (collateral kills)
  A lemure (D:6)
  2 water moccasin skeletons
  Dowan (D:5)
  2 jellies
  3 orc priests
  A centaur skeleton (D:7)
  4 iguanas
  An orc wizard (D:8)
  An adder (D:2)
  2 worms
  4 orcs
  An endoplasm (D:4)
23 creatures vanquished.

Vanquished Creatures (others)
  A gnoll shaman (D:4)
  An iguana (D:4)
  A kobold (D:4)
  A ball python (D:4)
  17 plants (D:4)
21 creatures vanquished.

Grand Total: 130 creatures vanquished

Notes
Turn   | Place    | Note
-------+----------+-------------------------------------------
     0 | D:1      | tilp the Felid Hedge Wizard began the quest for the Orb.
     0 | D:1      | Reached XP level 1. HP: 7/7 MP: 5/5
    43 | D:1      | Reached skill level 1 in Conjurations
   224 | D:1      | Found a faded altar of an unknown god.
   442 | D:1      | Reached skill level 1 in Unarmed Combat
   508 | D:1      | Reached XP level 2. HP: 11/11 MP: 0/7
  1296 | D:1      | Learned a level 2 spell: Call Imp
  1299 | D:1      | Learned a level 2 spell: Blink
  1922 | D:2      | Reached XP level 3. HP: 10/14 MP: 1/8
  3250 | D:3      | Found a bloodstained altar of Trog.
  4046 | D:3      | Reached skill level 1 in Fighting
  4046 | D:3      | Reached XP level 4. HP: 19/19 MP: 1/9
  4982 | D:4      | Noticed an ice beast
  5122 | D:4      | Reached XP level 5. HP: 22/22 MP: 1/10
  5135 | D:4      | Reached skill level 1 in Evocations
  5736 | D:4      | Found a shimmering altar of Xom.
  6076 | D:4      | Found a snail-covered altar of Cheibriados.
  6541 | D:5      | Entered Level 5 of the Dungeon
  6560 | D:5      | Noticed Grinder
  7324 | D:3      | Found a bloodstained altar of Trog.
  8002 | D:3      | Gained mutation: You are covered in thick fur. (AC +2)
                  | [Felid growth]
  8002 | D:3      | Reached XP level 6. HP: 15/26 MP: 2/11
  8707 | D:3      | Found an opulent altar of Gozag.
  8708 | D:3      | Found a runed translucent gate.
  8708 | D:3      | Found a runed translucent gate.
  8708 | D:3      | Found a runed translucent gate.
  8710 | D:3      | Noticed sn0wgr3's ghost (amateur GrFi)
  8713 | D:3      | Noticed an ice beast
  9009 | D:5      | Found Aginaaci's General Store.
  9752 | D:5      | Found a radiant altar of Vehumet.
  9753 | D:5      | Noticed Duvessa
  9756 | D:5      | Noticed Dowan
 10110 | D:5      | Became a worshipper of Vehumet
 10257 | D:5      | Killed Dowan
 10957 | D:6      | Noticed a steam dragon
 11154 | D:6      | Noticed Pikel
 11254 | D:6      | Found a staircase to the Ecumenical Temple.
 11540 | D:6      | Noticed an ice beast
 11738 | D:6      | Reached XP level 7. HP: 23/30 MP: 10/13
 12475 | D:7      | Noticed a wyvern
 12501 | D:7      | Found a hide-covered altar of Uskayaw.
 12531 | D:7      | Found an ornate altar of the Wu Jian Council.
 12850 | D:7      | Found a broken altar of Ashenzari.
 12943 | D:7      | Found a glowing golden altar of the Shining One.
 13135 | D:7      | Identified the +8 dagger of Jaxtoh {venom, rElec rPois
                  | Int+4 Dex-3}
 13345 | D:7      | Noticed a steam dragon
 13740 | D:7      | Found an ancient bone altar of Kikubaaqudgha.
 14366 | D:8      | Noticed Maggie
 14503 | D:7      | Killed from afar by an orc priest
 14504 | D:7      | Reached XP level 6. HP: -4/26 MP: 6/12
 14584 | D:8      | Noticed a steam dragon
 14586 | D:8      | Killed a steam dragon
 14587 | D:8      | Reached XP level 7. HP: 29/30 MP: 12/14
 14594 | D:8      | Killed Maggie
 14809 | D:8      | Noticed a yak
 14809 | D:8      | Noticed a yak
 15155 | D:7      | Mangled by a yak
 15156 | D:7      | Reached XP level 6. HP: -7/27 MP: 4/13
 15156 | D:7      | Quit the game

Illustrated notes

Levels and vault maps discovered:
D:1:      dpeg_arrival_ternary, layout_rooms, chequers_ecumenical_altar_simple,
          st_stairs_6, minmay_misc_feat_nine_boxes, minmay_strange_pillars
D:2:      layout_rooms
D:3:      layout_basic, trog_hazing_becter, ebering_ghost_gozag
D:4:      layout_cave_pools, xom_confusion_cloud, kennysheep_slug_shrine,
          serial_bayou, serial_bayou_lagoon_b, serial_bayou_pond_c,
          serial_bayou_pond_e, serial_bayou_shore_b
D:5:      layout_loops_ring, vehumet_crystals, serial_shops,
          nicolae_stop_n_shop_1, nrook_loot_triangle, uniq_duvessa, uniq_grinder
D:6:      layout_loops_ring, lemuel_temple_firewalk_a, uniq_pikel
D:7:      layout_loops_corners, mainiacjoe_overflow_surrounded_room,
          nicolae_tso_carved_into_rock, mainiacjoe_overflow_tiny_flanked,
          mainiacjoe_overflow_large_starburst
D:8:      layout_rooms, amcnicky_altar_gilded, small_statue_alley_b,
          minmay_diced_spiral, uniq_maggie

Skill      XL: |  1  2  3  4  5  6  7 |
---------------+----------------------+-----
Conjurations   | 1 2 4 |  4.0
Unarmed Combat | 1 2 |  2.5
Stealth        | 3 4 |  4.6
Dodging        | 3 4 |  4.5
Fighting       | 1 2 |  2.5
Evocations     | 3 4 |  4.0
Translocations | 3 4 |  4.0
Summonings     | 3 4 |  4.0
Spellcasting   | 4 |  4.0

Action                   |  1- 3 |  4- 6 |  7- 9 || total
-------------------------+-------+-------+-------++-------
Melee: Unarmed           |    34 |   107 |    76 ||   217
       Bite              |     4 |     9 |     8 ||    21
       Punch             |       |     1 |     1 ||     2
 Cast: Magic Dart        |   121 |    85 |    16 ||   222
       Call Imp          |    11 |    67 |    40 ||   118
       Blink             |     1 |       |     2 ||     3
Evoke: Wand              |       |     3 |     3 ||     6
  Use: Scroll            |     3 |     4 |     1 ||     8
 Stab: Sleeping          |     2 |     2 |     2 ||     6
       Distracted        |       |     1 |     3 ||     4
Armor: Skin              |     3 |     3 |    13 ||    19
Dodge: Dodged            |    40 |    98 |    74 ||   212

Table legend: (Time is in decaauts)
 A = Elapsed time spent in this place.
 B = Non-inter-level travel time spent in this place.
 C = Inter-level travel time spent in this place.
 D = Time resting spent in this place.
 E = Time spent auto-exploring this place.
 F = Levels seen in this place.
 G = Mean time per level.
                   A        B        C        D        E       F      G
               +--------+--------+--------+--------+--------+-----+--------+
         Total |  13674 |  12963 |    711 |   5210 |   6247 |   8 | 1709.2 |
       Dungeon |  13674 |  12963 |    711 |   5210 |   6247 |   8 | 1709.2 |
               +--------+--------+--------+--------+--------+-----+--------+

Top non-repeatable levels by time:
     D:3: 3986 daAuts
     D:7: 2112 daAuts
     D:1: 1703 daAuts
     D:4: 1673 daAuts
     D:6: 1617 daAuts
     D:5: 1495 daAuts
     D:2: 809 daAuts
     D:8: 276 daAuts
